 Dungeon Crawl Stone Soup version 0.28-a0-984-g3775c662fe (webtiles) character file.

Game seed: 6163507368101330382

119 senseless the Chopper (level 5, -29/54 HPs)
             Began as an Octopode Berserker on Nov 30, 2021.
             Was a Believer of Trog.
             Annihilated by a two-headed ogre (31 damage)
             ... on level 4 of the Dungeon on Dec 3, 2021.
             The game lasted 00:06:37 (4174 turns).

senseless the Chopper (Octopode Berserker)          Turns: 4174, Time: 00:06:37

Health: -29/54     AC:  1    Str: 18    XL:     5   Next: 3%
Magic:  5/5        EV: 13    Int: 10    God:    Trog [**....]
Gold:   196        SH:  5    Dex: 11    Spells: 4/4 levels left

rFire   x . .      SeeInvis .   a - +0 hand axe
rCold   + + .      Faith    .   (no shield)
rNeg    . . .      Spirit   .   (helmet restricted)
rPois   .          Reflect  +   j - amulet of reflection
rElec   .          Harm     .   g - ring of resist corrosion
rCorr   +          Rampage  .   d - ring of protection from cold
Will    .....                   k - ring of ice
Stlth   ..........              (no ring)
HPRegen 0.18/turn               (no ring)
MPRegen 0.09/turn               (no ring)
                                (no ring)
                                (no ring)

@: berserking (expiring), very quick
A: almost no armour, amphibious, 8 rings, camouflage 1, gelatinous body 1,
(nimble swimmer 1), tentacles
a: Renounce Religion, Berserk, Trog's Hand


You were on level 4 of the Dungeon.
You worshipped Trog.
Trog was pleased with you.
You visited 1 branch of the dungeon, and saw 4 of its levels.

You collected 196 gold pieces.

Inventory:

Hand Weapons
 a - a +0 hand axe (weapon)
 b - a +0 hunting sling
Missiles
 h - 63 sling bullets
Jewellery
 d - a ring of protection from cold (right tentacle)
 g - a ring of resist corrosion (left tentacle)
 j - an amulet of reflection (around mantle)
 k - a ring of ice (on tentacle)
Scrolls
 c - a scroll of torment {unknown}
 i - a scroll of teleportation
 m - 2 scrolls of amnesia
 o - a scroll of identify {unknown}
 p - a scroll of noise {unknown}
Potions
 e - a potion of degeneration {unknown}
 f - a potion of curing {unknown}
 l - a potion of flight {unknown}
 n - 2 potions of invisibility {unknown}


   Skills:
 + Level 3.5 Fighting
 + Level 3.7 Axes
 + Level 1.1 Slings
 + Level 3.4 Dodging
 + Level 3.4 Stealth


You had 4 spell levels left.
You didn't know any spells.
Your spell library contained the following spells:

 Spells                   Type           Power      Damage    Failure   Level
 Pain                     Necr           0%         1d4       36%         1
 Gell's Gravitas          Tloc           0%         N/A       75%         3
 Lesser Beckoning         Tloc           0%         N/A       75%         3
 Teleport Other           Tloc           0%         N/A       75%         3
 Agony                    Necr           0%         N/A       100%        5
 Excruciating Wounds      Necr           0%         N/A       100%        5


Dungeon Overview and Level Annotations

Branches:
Dungeon (4/15)
 Temple: D:4-7

Altars:
Gozag
Qazlal
Beogh

Shops:
D:2 [


Innate Abilities, Weirdness & Mutations

You cannot wear most types of armour.
You are amphibious.
You can wear up to eight rings at the same time.
Your skin changes colour to match your surroundings (Stealth+).
Your rubbery body absorbs attacks. (AC +1, EV +1)
((You are camouflaged near water. (Stealth+)))
You have tentacles for arms and can constrict up to eight enemies at once.


Message History

Trog accepts your kill.
You see here 8 gold pieces.
A two-headed ogre is nearby!
Welcome back, senseless the Octopode Berserker.
Trog says: Kill them all!
Press ? for a list of commands and other information.
Okay, then.
The two-headed ogre shouts in stereo!
There is a stone staircase leading up here.
You shoot a sling bullet.
The sling bullet hits the two-headed ogre but does no damage.
You shoot a sling bullet.
The sling bullet hits the two-headed ogre but does no damage.
You shoot a sling bullet.
The sling bullet barely misses the two-headed ogre.
Do you really want to go berserk while wielding your +0 hunting sling? [Y]es or [N]o only, please.
Do you really want to go berserk while wielding your +0 hunting sling? [Y]es or [N]o only, please.
Do you really want to go berserk while wielding your +0 hunting sling?
Okay, then.
a - a +0 hand axe (weapon)
A red film seems to cover your vision as you go berserk!
You feel yourself moving faster!
You feel mighty!
The two-headed ogre hits you with a +0 giant club!!
The two-headed ogre misses you.
You slash the two-headed ogre!
The two-headed ogre is lightly wounded.
You hit the two-headed ogre. You squeeze the two-headed ogre!
The two-headed ogre is heavily wounded.
The two-headed ogre hits you with a +0 giant club! x2
* * * LOW HITPOINT WARNING * * *
You slash the two-headed ogre! You squeeze the two-headed ogre!
The two-headed ogre is severely wounded.
You slash the two-headed ogre!
Your squeeze misses the two-headed ogre.
The two-headed ogre is almost dead.
The two-headed ogre hits you with a +0 giant club!!
Ouch! That really hurt!
You die...

#..###..#.#.......#.#
#.......#.#######.#.#.#
##.###.##.# #.....# #.#
#.##.# #.###.# #.#
#.##.# #.# .# #.#
#..... #.###.#### #.#
#####. #........( #.#
#..#####...###... #.#
#......@O..# #.#
#..#####...# #.# #.$(#
#.# ..........(..). #.#
.#####.#.###... ##.##
#.#.# # #.#.#######.
#.... .###........
.##.## #.#.######## .
..


You could see a two-headed ogre.

Vanquished Creatures
  An orc priest (D:4)
  2 adders (D:3)
  A worm (D:2)
  3 orcs
  6 bats
  5 endoplasms (D:1)
  2 giant cockroaches
  6 hobgoblins
  2 quokkas
  10 ball pythons
  A frilled lizard (D:1)
  7 goblins
  9 kobolds
  10 rats
65 creatures vanquished.

Notes
Turn   | Place    | Note
-------+----------+-------------------------------------------
     0 | D:1      | senseless the Octopode Berserker began the quest for the
                  | Orb.
     0 | D:1      | Reached XP level 1. HP: 16/16 MP: 1/1
    63 | D:1      | Found a faded altar of an unknown god.
   257 | D:1      | Reached XP level 2. HP: 19/21 MP: 2/2
   399 | D:1      | Reached skill level 1 in Stealth
   751 | D:1      | Reached XP level 3. HP: 26/26 MP: 3/3
   784 | D:1      | Reached ** piety under Trog
  1559 | D:2      | Found an opulent altar of Gozag.
  1707 | D:2      | Found Isawopt's Armour Shop.
  2825 | D:3      | Found a stormy altar of Qazlal.
  2958 | D:3      | Reached XP level 4. HP: 21/31 MP: 4/4
  3828 | D:4      | Reached skill level 1 in Slings
  4002 | D:4      | Reached XP level 5. HP: 36/36 MP: 5/5
  4058 | D:4      | Noticed a two-headed ogre
  4159 | D:4      | Identified the +3 dagger "Zaah" {venom, Str+4 Dex-4}
  4164 | D:4      | Upgraded the game from 0.28-a0-957-g42eb19b844 to
                  | 0.28-a0-984-g3775c662fe
  4172 | D:4      | HP: 2/54 [two-headed ogre (16)]
  4174 | D:4      | Annihilated by a two-headed ogre

Illustrated notes

Levels and vault maps discovered:
D:1:      dpeg_arrival_windows_large_door, layout_loops_cross,
          dreamdust_ecumenical_altar_statues, st_stairs_10,
          minmay_misc_feat_room, nicolae_figureground_sparkle
D:2:      mumra_celtic_spiral_tile, layout_loops_corners, serial_shops,
          nicolae_shop_hallway_plus, basic_altar
D:3:      layout_loops_corners, nicolae_overflow_crystal_walls,
          kennysheep_cross_room
D:4:      layout_loops_ring, kennysheep_orc_chapel

Skill      XL: |  1  2  3  4 |
---------------+-------------+-----
Stealth        | 1 2 3 |  3.4
Slings         | 1 |  1.1
Fighting       | |  3.5
Axes           | |  3.7
Dodging        | |  3.4

Action                   |  1- 3 |  4- 6 || total
-------------------------+-------+-------++-------
Melee: Hand axe          |    75 |    21 ||    96
       Constrict         |    20 |     7 ||    27
       Tentacles         |    17 |     4 ||    21
 Fire: Hunting sling     |    10 |    21 ||    31
Invok: Berserk           |       |     1 ||     1
  Use: Scroll            |       |     3 ||     3
 Stab: Sleeping          |    11 |     1 ||    12
Armor: Skin              |    13 |       ||    13
Dodge: Dodged            |    49 |     7 ||    56
Block: Other             |     1 |     3 ||     4

Table legend: (Time is in decaauts)
 A = Elapsed time spent in this place.
 B = Non-inter-level travel time spent in this place.
 C = Inter-level travel time spent in this place.
 D = Time resting spent in this place.
 E = Time spent auto-exploring this place.
 F = Levels seen in this place.
 G = Mean time per level.
                   A        B        C        D        E       F      G
               +--------+--------+--------+--------+--------+-----+--------+
         Total |   4180 |   3810 |    370 |      0 |   3372 |   4 | 1045.0 |
       Dungeon |   4180 |   3810 |    370 |      0 |   3372 |   4 | 1045.0 |
               +--------+--------+--------+--------+--------+-----+--------+

Top non-repeatable levels by time:
     D:2: 1547 daAuts
     D:3: 1305 daAuts
     D:1: 964 daAuts
     D:4: 363 daAuts
